 Dungeon Crawl Stone Soup version 0.20-a0-1089-g3fde505 (webtiles) character file.

1689 nubinia the Conjurer (level 9, -5/55 HPs)
             Began as an Octopode Conjurer on May 2, 2017.
             Slain by an orc warrior
             ... wielding a +0 morningstar
              (27 damage)
             ... on level 6 of the Dungeon.
             The game lasted 00:26:46 (8111 turns).

nubinia the Conjurer (Octopode Conjurer)            Turns: 8111, Time: 00:26:47

Health: -5/55      AC:  1    Str:  8    XL:     9   Next: 2%
Magic:  16/17      EV: 20    Int: 19    God:
Gold:   317        SH:  0    Dex: 18    Spells: 10/18 levels left

rFire    . . .     SeeInvis .   b - +3 quarterstaff (drain)
rCold    . . .     Gourm    .   (shield currently unavailable)
rNeg     . . .     Faith    .   (helmet restricted)
rPois    .         Spirit   .   (no amulet)
rElec    .         Reflect  .   (no ring)
rCorr    .         Harm     .   (no ring)
MR       .....                  (no ring)
Stlth    +++++.....             (no ring)
Regen    0.2/turn               (no ring)
MPRegen  0.2/turn               (no ring)
                                (no ring)
                                (no ring)

@: agile
A: almost no armour, stealthy swim, amphibious, 8 rings, constrict 8, camouflage
1, gelatinous body 1
a: no special abilities


You were on level 6 of the Dungeon.
You were hungry.

You visited 2 branches of the dungeon, and saw 8 of its levels.

You collected 317 gold pieces.

Inventory:

Hand Weapons
 b - a +3 quarterstaff of draining (weapon)
 c - a +0 spear
 e - a +1 dagger of pain
 x - a +1 war axe of chopping
Magical Staves
 a - an uncursed staff of conjuration
Jewellery
 f - an uncursed ring of fire
 A - an uncursed ring of fire
Wands
 k - a wand of lightning (10/15)
 p - a wand of acid (4/15)
 v - a wand of random effects (11/48)
Scrolls
 d - 2 scrolls of fog
 g - 2 scrolls of enchant weapon
 i - a scroll of remove curse
 m - a scroll of immolation
 o - a scroll of blinking
 q - a scroll of enchant armour
 B - a scroll of teleportation
 D - 2 scrolls of magic mapping
Potions
 h - a potion of heal wounds
 j - 2 potions of haste
 l - 4 potions of agility
 n - 2 potions of curing
 r - a potion of lignification
 w - a potion of cancellation {unknown}
 C - a potion of ambrosia
Books
 y - a book of Conjurations

   Spells                             Type                      Level
   a - Magic Dart                     Conjuration                  1
   b - Searing Ray                    Conjuration                  2
   c - Dazzling Spray                 Conjuration/Hexes            3
   d - Fulminant Prism                Conjuration/Hexes            4
   e - Force Lance                    Conjuration/Translocation    4
   f - Iskenderun's Mystic Blast      Conjuration                  4
Comestibles
 s - 5 bread rations
 t - 4 meat rations
 u - 4 royal jellies
 z - 6 fruits


   Skills:
 + Level 2.4 Fighting
 + Level 1.5 Short Blades
 + Level 0.4(2.7) Polearms
 + Level 4.4(4.5) Staves
 + Level 3.5 Dodging
 + Level 5.0 Stealth
 + Level 5.3 Spellcasting
 + Level 6.5 Conjurations
 * Level 3.6 Translocations


You had 10 spell levels left.
You knew the following spells:

 Your Spells              Type           Power        Failure   Level  Hunger
a - Magic Dart            Conj           ####         1%          1    None
b - Dazzling Spray        Conj/Hex       ###...       10%         3    ##.....
c - Force Lance           Conj/Tloc      ###.....     14%         4    ####...


Dungeon Overview and Level Annotations

Branches:
Dungeon (7/15)             Temple (1/1) D:5

Altars:
Dithmenos
Elyvilon
Fedhas
Gozag
Makhleb
Nemelex Xobeh
Okawaru
Qazlal
Trog
Uskayaw
Vehumet
Xom
Zin
The Shining One

Shops:
D:6 :

Annotations:
D:6 exclusion: orc warrior


Innate Abilities, Weirdness & Mutations

You cannot wear most types of armour.
You are very stealthy in the water. (Stealth+)
You are amphibious.
You can wear up to eight rings at the same time.
You can use your tentacles to constrict eight enemies at once.
Your skin changes colour to match your surroundings (Stealth+).
Your rubbery body absorbs attacks. (AC +1, EV +1)


Message History

You closely miss the orc warrior. You grab the orc warrior.
You constrict the orc warrior. The orc warrior barely misses you.
You hit the orc warrior.
The orc warrior is moderately wounded.
You constrict the orc warrior, but do no damage.
The orc warrior hits you with a morningstar!
You hit the orc warrior but do no damage.
You squeeze the orc warrior, but do no damage.
The orc warrior is moderately wounded.
You constrict the orc warrior.
The orc warrior hits you with a morningstar!
You feel agile all of a sudden.
You constrict the orc warrior, but do no damage.
The orc warrior completely misses you.
You hit the orc warrior but do no damage.
You squeeze the orc warrior, but do no damage.
The orc warrior is moderately wounded.
You constrict the orc warrior.
The orc warrior hits you with a morningstar!!
You die...

##.#####.###.#.##..............##
##.......###.#.####...###.....##
.....................## ###.###
##.##########...###### #.# ##.#
#...# #.# ##.# #...# #.# ##.#
#...# #.# ...# ########...### #.#
##.# #.........o@.# #.#
...###.#######.)#.# #.#
###.............#.# #.#
.....#.########.#.# #.#
###..#.########.#.# ##.##
###.............#.########...####
.......########.#............>...
###).).....####.##########...#)..
#.............# ##......


You could see an orc warrior.

Vanquished Creatures
  An ice beast (D:3)
  A sky beast (D:5)
  A necrophage (D:5)
  2 ogres
  2 phantoms
  A centaur (D:4)
  A bullfrog (D:6)
  A wyvern skeleton (D:6)
  3 scorpions
  A water moccasin skeleton (D:5)
  A centaur zombie (D:6)
  A crimson imp (D:5)
  An orc priest (D:5)
  A hound (D:6)
  3 orc wizards
  A worker ant (D:4)
  Natasha (thrice) (D:3)
  A killer bee zombie (D:5)
  A hound zombie (D:6)
  8 gnolls
  9 adders
  A howler monkey skeleton (D:4)
  2 shadow imps (D:6)
  4 oozes
  2 adder skeletons
  2 worms
  5 dart slugs
  5 leopard geckos
  18 orcs
  4 ball pythons
  3 giant cockroaches
  7 goblins
  3 hobgoblins (D:2)
  14 jackals
  9 kobolds
  7 quokkas
  3 bats
  7 frilled lizards
  A leopard gecko zombie (D:5)
  A quokka skeleton (D:6)
  2 rats
144 creatures vanquished.

Notes
Turn   | Place    | Note
-------+----------+-------------------------------------------
     0 | D:1      | nubinia the Octopode Conjurer began the quest for the Orb.
     0 | D:1      | Reached XP level 1. HP: 11/11 MP: 3/3
   208 | D:1      | Reached XP level 2. HP: 17/17 MP: 0/5
   508 | D:1      | Reached XP level 3. HP: 21/21 MP: 1/6
   513 | D:1      | Learned a level 3 spell: Dazzling Spray
  1280 | D:2      | Found a burning altar of Makhleb.
  1396 | D:2      | Reached XP level 4. HP: 16/27 MP: 3/7
  1822 | D:3      | Noticed an ice beast
  2047 | D:2      | Reached skill level 1 in Short Blades
  2538 | D:3      | Killed an ice beast
  2538 | D:3      | Reached skill level 1 in Staves
  2538 | D:3      | Reached skill level 5 in Conjurations
  2538 | D:3      | Reached XP level 5. HP: 29/32 MP: 3/9
  2656 | D:3      | Noticed Natasha
  2662 | D:3      | Killed Natasha
  2662 | D:3      | Reached XP level 6. HP: 37/37 MP: 4/10
  2674 | D:3      | Noticed Natasha
  2679 | D:3      | Killed Natasha
  2845 | D:3      | Noticed Natasha
  2858 | D:3      | Killed Natasha
  3028 | D:3      | Found a white marble altar of Elyvilon.
  3028 | D:3      | Found a glowing silver altar of Zin.
  3031 | D:3      | Found a glowing golden altar of the Shining One.
  3589 | D:4      | Learned a level 4 spell: Force Lance
  3681 | D:4      | Reached skill level 1 in Fighting
  3832 | D:4      | Noticed a phantom
  3848 | D:4      | Killed a phantom
  3848 | D:4      | Reached skill level 1 in Translocations
  3848 | D:4      | Reached XP level 7. HP: 43/43 MP: 1/12
  4953 | D:5      | Entered Level 5 of the Dungeon
  5469 | D:5      | Reached XP level 8. HP: 34/48 MP: 10/14
  5733 | D:5      | Reached skill level 6 in Conjurations
  5755 | D:5      | Found a staircase to the Ecumenical Temple.
  5764 | Temple   | Entered the Ecumenical Temple
  6949 | D:6      | Reached skill level 5 in Spellcasting
  7102 | D:6      | Reached skill level 5 in Stealth
  7126 | D:6      | Found Weqory's Book Emporium.
  7409 | D:6      | Reached XP level 9. HP: 55/55 MP: 9/16
  8111 | D:6      | Slain by an orc warrior

Vault maps used:
D:1:      dpeg_arrival_rooms_a
D:2:      lemuel_crystal_altar
D:3:      good_gods_temple_1, first_bread, uniq_natasha
D:5:      temple_statues
D:6:      serial_shops, shop
D:7:      minitemple, overflow_temple_1_default, serial_park_tiny_2,
          grunt_decor_resistance
Temple:   cyrus_temple_forest

Skill      XL: |  1  2  3  4  5  6  7  8 |
---------------+-------------------------+-----
Stealth        | 3 4 5 |  5.0
Short Blades   | 1 |  1.5
Staves         | 1 2 3 4 |  4.4
Spellcasting   | 3 4 5 |  5.3
Conjurations   | 5 6 |  6.5
Fighting       | 1 2 |  2.4
Translocations | 1 2 3 |  3.6
Dodging        | 3 |  3.5
Polearms       | |  0.4

Action                   |  1- 3 |  4- 6 |  7- 9 || total
-------------------------+-------+-------+-------++-------
Melee: Spear             |    10 |       |       ||    10
       Constrict         |     7 |     7 |    16 ||    30
       Dagger            |    28 |     8 |       ||    36
       Tentacles         |     3 |     3 |    16 ||    22
       Quarterstaff      |       |    29 |    87 ||   116
 Cast: Magic Dart        |    61 |   106 |   200 ||   367
  Use: Scroll            |       |     6 |    10 ||    16
       Potion            |       |     2 |     3 ||     5
 Stab: Sleeping          |     1 |     2 |     1 ||     4
       Distracted        |     1 |       |       ||     1
  Eat: Chunk             |     2 |     8 |    12 ||    22
Armor: Skin              |     2 |     2 |     1 ||     5
Dodge: Dodged            |    23 |    26 |    54 ||   103
